 Dungeon Crawl Stone Soup version 0.30.1-4-g462c640d31 (webtiles) character file.

Game seed: 14388121131530697232

309 Wiggles the Cleaver (level 6, -2/51 HPs)
             Began as a Minotaur Berserker on Aug 16, 2023.
             Was a Believer of Trog.
             Killed by nerve-wracking pain
             ... invoked by Grinder
              (12 damage)
             ... on level 4 of the Dungeon.
             The game lasted 00:04:32 (2728 turns).

Wiggles the Cleaver (Minotaur Berserker)            Turns: 2728, Time: 00:04:33

Health: -2/51      AC: 12    Str: 24    XL:     6   Next: 17%
Magic:  5/5        EV:  7    Int:  4    God:    Trog [**....]
Gold:   135        SH:  0    Dex:  9    Spells: 5/5 levels left

rFire   . . .        p - +0 war axe
rCold   . . .        (no shield)
rNeg    . . .        e - +0 plate armour
rPois   .            (helmet restricted)
rElec   .            (no cloak)
rCorr   .            o - +0 pair of gloves
SInv    .            (no boots)
Will    .....        (no amulet) Stlth
                     (no ring)
HPRegen 0.28/turn    (no ring)
MPRegen 0.09/turn

%: no passive effects
@: on berserk cooldown, slowed, very slow
A: horns 2, retaliatory headbutt
a: Renounce Religion, Berserk, Trog's Hand


You were on level 4 of the Dungeon.
You worshipped Trog.
Trog was pleased with you.
You visited 1 branch of the dungeon, and saw 4 of its levels.

You collected 135 gold pieces.

Inventory:

Hand Weapons
 p - a +0 war axe (weapon)
Armour
 e - a +0 plate armour (worn)
 o - a +0 pair of gloves (worn)
Wands
 a - a wand of paralysis (14)
 q - a wand of quicksilver (8)
Scrolls
 c - a scroll of poison {unknown}
 d - 2 scrolls of identify {unknown}
 f - a scroll of fog {unknown}
 i - 3 scrolls of noise {unknown}
 j - a scroll of torment {unknown}
 k - 5 scrolls of teleportation {unknown}
 m - 2 scrolls of fear {unknown}
 n - a scroll of butterflies {unknown}
 r - a scroll of vulnerability {unknown}
Potions
 b - 2 potions of attraction {unknown}
 g - a potion of brilliance {unknown}
 h - 3 potions of curing {unknown}
 l - a potion of mutation {unknown}
 s - 2 potions of might {unknown}


   Skills:
 - Level 3.6 Fighting
 + Level 8.2 Axes
 - Level 2.4 Armour
 - Level 2.1 Dodging
 + Level 1.1 Stealth


You had 5 spell levels left.
You didn't know any spells.
Your spell library was empty.

Dungeon Overview and Level Annotations

Branches:
Dungeon (4/15)
 Temple: D:4-7

Altars:

Shops:
D:2 (

Annotations:
D:4 Grinder


Innate Abilities, Weirdness & Mutations

You have a pair of horns on your head.
You reflexively headbutt those who attack you in melee.


Message History

Grinder gestures at you. Pain shoots through your body!
You feel a strong urge to attack something.
You slash Grinder!
Grinder is moderately wounded.
You slash the jelly!
Your hands burn!
Grinder hits you.
You writhe in agony.
The jelly hits you but does no damage.
You closely miss Grinder. Your headbutt misses Grinder.
Grinder is moderately wounded.
You slash the jelly!
You kill the jelly!
Trog accepts your kill. Grinder hits you.
You writhe in agony.
You slash Grinder!
Grinder is heavily wounded.
You closely miss Grinder.
Grinder is heavily wounded.
Grinder gestures at you. Pain shoots through your body!
You slash Grinder! You headbutt Grinder!
Grinder is almost dead.
Grinder blinks!
You feel a strong urge to attack something.
You are no longer berserk.
You are exhausted.
You feel yourself slow down. Grinder gestures at you.
You barely resist.
Grinder blinks!
Grinder hits you but does no damage. x2
Grinder hits you.
You hit Grinder.
Grinder is almost dead.
Grinder gestures at you. Pain shoots through your body!
Grinder blinks!
Grinder gestures at you. Pain shoots through your body!
* * * LOW HITPOINT WARNING * * *
Grinder gestures at you. Pain shoots through your body!
You die...

##### #......#
##.##### ##.#
#..# #.## ##.#
##..# ##.
##...######....
#....@.........
#.#............
#.#.~P5.....~~~
#...~~~~..~~PP~
####P~~P~~~~~~~
#~~~~~~~~P~~
#~~P~~~P~~~~
#~~~~≈~~~P~~
♣P~≈~~≈≈≈~P~


You could see Grinder.

Vanquished Creatures
  A howler monkey (D:4)
  A jelly (D:4)
  A gnoll bouda (D:4)
  Ijyb (D:3)
  Terence (D:3)
  An orc wizard (D:4)
  3 gnolls (D:4)
  4 adders
  A dart slug (D:3)
  8 orcs
  4 ball pythons
  8 endoplasms
  5 giant cockroaches
  8 goblins
  3 hobgoblins
  6 kobolds
  5 bats
  3 frilled lizards
  4 rats
68 creatures vanquished.

Notes
Turn   | Place    | Note
-------+----------+-------------------------------------------
     0 | D:1      | Wiggles the Minotaur Berserker began the quest for the Orb.
     0 | D:1      | Reached XP level 1. HP: 19/19 MP: 0/0
   131 | D:1      | Reached skill level 4 in Axes
   306 | D:1      | Reached XP level 2. HP: 15/26 MP: 1/1
  1055 | D:2      | Reached skill level 5 in Axes
  1096 | D:2      | Found Raiwism's Weapon Boutique.
  1120 | D:2      | Reached XP level 3. HP: 31/31 MP: 2/2
  1567 | D:2      | Reached ** piety under Trog
  1778 | D:3      | Reached XP level 4. HP: 39/39 MP: 3/3
  1796 | D:3      | Noticed Terence
  1803 | D:3      | Killed Terence
  1804 | D:3      | Reached skill level 6 in Axes
  2203 | D:3      | Noticed Ijyb
  2207 | D:3      | Killed Ijyb
  2208 | D:3      | Reached XP level 5. HP: 45/45 MP: 4/4
  2401 | D:4      | Reached skill level 7 in Axes
  2430 | D:4      | Reached skill level 1 in Stealth
  2598 | D:4      | Reached skill level 8 in Axes
  2598 | D:4      | Reached XP level 6. HP: 51/51 MP: 5/5
  2703 | D:4      | Noticed Grinder
  2728 | D:4      | Killed from afar by Grinder

Illustrated notes

Levels and vault maps discovered:
D:1:      onia_arrival_mini_maze_b, layout_loops_corners
D:2:      layout_basic, serial_corexii_hall, chequers_hall_statues_wall_a,
          corexii_hall_statues_i, chequers_hall_statues_wall_a, serial_shops,
          shop
D:3:      layout_loops_cross, uniq_ijyb, uniq_terence
D:4:      layout_basic, serial_bayou, serial_bayou_crossing,
          serial_bayou_pond_e, serial_bayou_shore_b, serial_bayou_pond_c,
          serial_bayou_shore_a, serial_bayou_ford_a, uniq_grinder

Skill      XL: |  1  2  3  4  5 |
---------------+----------------+-----
Axes           | 4 5 6 8 |  8.2
Stealth        | 1 |  1.1
Fighting       | |  3.6
Armour         | |  2.4
Dodging        | |  2.1

Action                     |  1- 3 |  4- 6 || total
---------------------------+-------+-------++-------
  Melee: Hand axe          |    66 |     4 ||    70
         Headbutt          |    11 |    13 ||    24
         Punch             |     1 |       ||     1
         War axe           |       |    69 ||    69
 Invoke: Berserk           |       |     3 ||     3
 Armour: Animal skin       |     1 |       ||     1
         Plate armour      |    29 |    37 ||    66
         Leather armour    |     6 |       ||     6
  Dodge: Dodged            |    25 |    21 ||    46
